 Dungeon Crawl Stone Soup version 0.29-a0-973-gac7da5f7f0 (webtiles) character file.

Game seed: 11077213423073392133

7 vurker the Sneak (level 2, 0/14 HPs)
             Began as a Vine Stalker Enchanter on July 31, 2022.
             Slain by a quokka (1 damage)
             ... on level 1 of the Dungeon.
             The game lasted 00:00:47 (1037 turns).

vurker the Sneak (Vine Stalker Enchanter)           Turns: 1037, Time: 00:00:48

Health: 0/14       AC:  2    Str: 10    XL:     2   Next: 4%
Magic:  0/6        EV: 16    Int: 15    God:
Gold:   61         SH:  0    Dex: 14    Spells: 5/5 levels left

rFire   . . .      SeeInvis .   a - +1 dagger
rCold   . . .      Faith    .   (no shield)
rNeg    . . .      Spirit   +   b - +0 robe
rPois   .          Reflect  .   (no helmet)
rElec   .          Harm     .   (no cloak)
rCorr   .          Rampage  .   (no gloves)
Will    .....                   (no boots)
Stlth   ++........              (no amulet)
HPRegen 0.04/turn               e - +4 ring of evasion
MPRegen 0.10/turn               (no ring)

@: no status effects
A: fangs 2, magic shield, antimagic bite, no potion heal 2
a: no special abilities


You were on level 1 of the Dungeon.
You visited 1 branch of the dungeon, and saw 2 of its levels.

You collected 61 gold pieces.

Inventory:

Hand Weapons
 a - a +1 dagger (weapon)
Armour
 b - a +0 robe (worn)
Jewellery
 e - a +4 ring of evasion (left hand)
   (You found it on level 1 of the Dungeon)
Scrolls
 d - a scroll of fog
Potions
 c - 2 potions of invisibility
 g - a potion of mutation {unknown}


   Skills:
 + Level 0.6 Fighting
 - Level 0.8 Short Blades
 - Level 1.5 Dodging
 - Level 3.6 Stealth
 * Level 1.2 Unarmed Combat
 - Level 2.1 Spellcasting
 - Level 3.0 Hexes


You had 5 spell levels left.
You didn't know any spells.
Your spell library contained the following spells:

 Spells                   Type           Power      Damage    Failure   Level
 Ensorcelled Hibernation  Hex/Ice        12%        N/A       19%         2
 Confusing Touch          Hex            10%        N/A       19%         3
 Tukima's Dance           Hex            10%        N/A       19%         3
 Poisonous Vapours        Pois/Air       2%         N/A       32%         2
 Dazzling Flash           Conj/Hex       12%        N/A       34%         3
 Corpse Rot               Necr/Pois/Air  1%         N/A       91%         4


Dungeon Overview and Level Annotations

Branches:
Dungeon (2/15)

Altars:


Innate Abilities, Weirdness & Mutations

You have extremely sharp teeth.
When hurt, damage is shared between your health and your magic reserves.
Your bite disrupts and absorbs the magic of your enemies.
Potions cannot restore your health.


Message History

You hit the quokka but do no damage. You bite the quokka. You drain its power.
You feel invigorated. The quokka misses you.
You hit the quokka. Your bite misses the quokka. The quokka barely misses you.
You hit the quokka.
You kill the quokka!
You have reached level 2!
You now have 61 gold pieces (gained 10).
There is an open door here.
You open the door.
There is an open door here.
Key pressed, stopping explore.
Done exploring.
Done exploring.
Done exploring.
Done exploring.
You see here a +0 ring mail.
There is a stone staircase leading down here.
You climb downwards.
The hobgoblin shouts!
Found 2 scrolls of amnesia.
Found a stone staircase leading down.
There is a stone staircase leading up here.
There are monsters nearby!
Found a sling.
You hit the worm. You punch the worm, but do no damage. You bite the worm.
You drain its power. The worm misses you.
You hit the worm. Your bite misses the worm. The hobgoblin misses you.
A quokka comes into view.
You hit the worm. The hobgoblin closely misses you. The worm bites you.
You hit the worm. The hobgoblin misses you.
You hit the worm but do no damage. You bite the worm. You drain its power.
The hobgoblin barely misses you. The worm bites you!
Ouch! That really hurt!
* * * LOW HITPOINT WARNING * * *
The quokka closely misses you.
There is a stone staircase leading up here.
You can't go down here!
Unknown command.
The hobgoblin barely misses you. The quokka completely misses you.
You climb upwards.
There is a stone staircase leading down here.
You hit the hobgoblin but do no damage. The hobgoblin hits you.
* * * LOW HITPOINT WARNING * * *
The quokka barely misses you. The hobgoblin attacks as you move away!
The hobgoblin hits you.
* * * LOW HITPOINT WARNING * * *
You closely miss the quokka. The quokka bites you.
* * * LOW HITPOINT WARNING * * *
You closely miss the quokka. Your bite misses the quokka. The quokka bites you.
You die...

...#
#.##.#...........####.#.#P#
...#
#.##......##......##..#.#.P
####
#.##......##....###P..#.#..
####.##..............#####.###
#....##.##...##...............
#.....?...._.##(###..#########
####....#####...##.#
#..#......P.
........#.....gr##.#
#..##.P###.P
........#......#@..#
#..###P#.#P#
........#..........#
#..#####.###
####....#......#...#
#.....#.....
...................#
#.....#.....
...................#
#...........
...................#
####........
...................# #...#....
...................# #...#....
.........######....#
####...#....


You could see a quokka and a hobgoblin.

Vanquished Creatures
  A dart slug (D:1)
  A bat (D:1)
  A hobgoblin (D:1)
  A quokka (D:1)
  A rat (D:1)
5 creatures vanquished.

Notes
Turn   | Place    | Note
-------+----------+-------------------------------------------
     0 | D:1      | vurker the Vine Stalker Enchanter began the quest for the
                  | Orb.
     0 | D:1      | Reached XP level 1. HP: 9/9 MP: 4/4
    52 | D:1      | Found a faded altar of an unknown god.
   349 | D:1      | Reached skill level 1 in Unarmed Combat
   623 | D:1      | Reached XP level 2. HP: 7/14 MP: 6/6
  1037 | D:1      | Slain by a quokka

Illustrated notes

Levels and vault maps discovered:
D:1:      minmay_arrival_nine_rooms, layout_basic, serial_aquarium,
          aquarium_bridge_long_separate [aquarium_subvault_wall,
          aquarium_subvault_bridge, aquarium_subvault_wall,
          aquarium_subvault_balcony, aquarium_subvault_wall,
          aquarium_subvault_bridge], aquarium_bridge_square
          [aquarium_subvault_bridge, aquarium_subvault_bridge,
          aquarium_subvault_bridge, aquarium_subvault_balcony],
          aquarium_window_fake, aquarium_window_2, aquarium_window_1,
          aquarium_view_2f, aquarium_view_2g, basic_ecumenical_altar
D:2:      layout_loops_ring, minmay_rat_hole

Skill      XL: |  1 |
---------------+----+-----
Unarmed Combat | 1 |  1.2
Fighting       | |  0.6
Short Blades   | |  0.8
Dodging        | |  1.5
Stealth        | |  3.6
Spellcasting   | |  2.1
Hexes          | |  3.0

Action                   || total
-------------------------++-------
Melee: Dagger            ||    18
       Bite              ||     5
       Punch             ||     1
  Use: Scroll            ||     3
 Stab: Sleeping          ||     2
Armor: Robe              ||     2
Dodge: Dodged            ||    15

Table legend: (Time is in decaauts)
 A = Elapsed time spent in this place.
 B = Non-inter-level travel time spent in this place.
 C = Inter-level travel time spent in this place.
 D = Time resting spent in this place.
 E = Time spent auto-exploring this place.
 F = Levels seen in this place.
 G = Mean time per level.
                   A        B        C        D        E       F      G
               +--------+--------+--------+--------+--------+-----+--------+
         Total |   1036 |   1010 |     26 |      0 |    915 |   2 |  518.0 |
       Dungeon |   1036 |   1010 |     26 |      0 |    915 |   2 |  518.0 |
               +--------+--------+--------+--------+--------+-----+--------+

Top non-repeatable levels by time:
     D:1: 1027 daAuts
     D:2: 8 daAuts
